 Dungeon Crawl Stone Soup version 0.23.0-42-geed6394 (webtiles) character file.

Game seed: 10378242090571815875

30 tdavidsm the Ducker (level 3, -1/20 HPs)
             Began as a Spriggan Abyssal Knight on Feb 28, 2019.
             Was a Follower of Lugonu.
             Slain by a gnoll
             ... wielding a +1 flail of protection
              (9 damage)
             ... on level 2 of the Dungeon.
             The game lasted 00:07:56 (1119 turns).

tdavidsm the Ducker (Spriggan Abyssal Knight)       Turns: 1119, Time: 00:07:57

Health: -1/20      AC:  2    Str:  9    XL:     3   Next: 3%
Magic:  5/5        EV: 19    Int: 13    God:    Lugonu [*.....]
Gold:   33         SH:  0    Dex: 15    Spells: 2/2 levels left

rFire    . . .     SeeInvis +   a - +1 short sword
rCold    . . .     Gourm    .   (shield restricted)
rNeg     . . .     Faith    .   b - +0 robe
rPois    .         Spirit   .   (helmet restricted)
rElec    .         Reflect  .   (no cloak)
rCorr    .         Harm     .   (gloves unavailable)
MR       .....                  (boots unavailable)
Stlth    +.........             (no amulet)
HPRegen  0.06/turn              (no ring)
MPRegen  0.09/turn              (no ring)

@: very quick
A: very small, unfitting armour, see invisible, herbivore, speed 3, slow
metabolism 2
a: Depart the Abyss, Renounce Religion


You were on level 2 of the Dungeon.
You worshipped Lugonu.
Lugonu was aware of your devotion.
You were not hungry.

You visited 1 branch of the dungeon, and saw 2 of its levels.
You visited the Abyss 1 time.

You collected 33 gold pieces.

Inventory:

Hand Weapons
 a - a +1 short sword (weapon)
Missiles
 g - 13 arrows
Armour
 b - a +0 robe (worn)
Scrolls
 d - a scroll of random uselessness
 e - a scroll of remove curse
 f - a scroll of identify {unknown}
 h - a scroll of blinking {unknown}
Potions
 i - 2 potions of heal wounds {unknown}
 j - a potion of haste {unknown}
 k - a potion of lignification {unknown}
Comestibles
 c - 3 rations


   Skills:
 + Level 3.0 Fighting
 + Level 2.3 Short Blades
 + Level 4.4 Dodging
 + Level 1.8 Invocations


You had 2 spell levels left.
You didn't know any spells.
Your spell library was empty.

Dungeon Overview and Level Annotations

Branches:
Dungeon (2/15)

Altars:


Innate Abilities, Weirdness & Mutations

You are very small and have problems with some larger weapons.
You are too small for most types of armour.
You have supernaturally acute eyesight. (SInv)
You are a herbivore.
You cover ground extremely quickly.
You need to consume almost no food.


Message History

You barely miss the gnoll.
The gnoll is moderately wounded.
The gnoll misses you. x2
You hit the gnoll but do no damage.
The gnoll is moderately wounded.
The gnoll closely misses you. The gnoll completely misses you.
You hit the gnoll.
The gnoll is heavily wounded.
The gnoll barely misses you. The gnoll completely misses you.
You hit the gnoll.
The gnoll is heavily wounded.
The gnoll misses you.
The gnoll hits you with a +1 flail of protection!
You hit the gnoll but do no damage.
The gnoll is heavily wounded.
The gnoll closely misses you.
You hit the gnoll but do no damage.
The gnoll is heavily wounded.
The gnoll hits you with a +1 flail of protection!
You die...

.g. #.. .. #.
######.####+#####
#......<........#
#......#........#
#.###..+.g......#
#.##.g@.....# ..
#.^......# #..
#........# #.
#........# #.
..######### ###


You could see 2 gnolls.

Vanquished Creatures
  An ooze (D:1)
  A dart slug (D:1)
  A ball python (D:1)
  3 bats (D:1)
  A giant cockroach (D:1)
  2 goblins (D:1)
  6 hobgoblins (D:1)
  3 kobolds (D:1)
  3 rats (D:1)
21 creatures vanquished.

Notes
Turn   | Place    | Note
-------+----------+-------------------------------------------
     0 | Abyss:1  | tdavidsm the Spriggan Abyssal Knight began the quest for
                  | the Orb.
     0 | Abyss:1  | Reached XP level 1. HP: 11/11 MP: 3/3
    50 | Abyss:1  | Noticed a small abomination
    53 | Abyss:1  | Noticed a bone dragon
    75 | D:1      | Escaped the Abyss
   101 | D:1      | Noticed a minotaur zombie
   493 | D:1      | Reached XP level 2. HP: 13/16 MP: 4/4
   568 | D:1      | Reached skill level 4 in Dodging
  1042 | D:1      | Reached XP level 3. HP: 17/20 MP: 5/5
  1119 | D:2      | Slain by a gnoll

Skill      XL: |  1  2 |
---------------+-------+-----
Dodging        | 4 |  4.4
Fighting       | 3 |  3.0
Short Blades   | |  2.3
Invocations    | |  1.8

Action                   || total
-------------------------++-------
Melee: Short sword       ||    81
  Use: Scroll            ||     2
Armor: Robe              ||     5
Dodge: Dodged            ||    81
